 Dungeon Crawl Stone Soup version 0.30.0-5-g1a98f26d00 (webtiles) character file.

Game seed: 16009577692429289893

4569 edwardauron the Cleaver (level 10, -5/70 HPs)
             Began as a Demonspawn Berserker on May 13, 2023.
             Was a Priest of Trog.
             Slain by a troll (14 damage)
             ... on level 9 of the Dungeon.
             The game lasted 00:08:42 (6033 turns).

edwardauron the Cleaver (Demonspawn Berserker)      Turns: 6033, Time: 00:08:43

Health: -5/70      AC:  6    Str: 21    XL:     10   Next: 18%
Magic:  10/10      EV: 12    Int:  9    God:    Trog [***...]
Gold:   482        SH:  6    Dex: 19    Spells: 9/9 levels left

rFire   . . .        z - +0 war axe
rCold   + . .        (no shield)
rNeg    . . .        D - +2 leather armour {rC+}
rPois   .            (helmet restricted)
rElec   .            (no cloak)
rCorr   .            e - +0 pair of gloves
SInv    .            (no boots)
Will    ++...        p - amulet of regeneration
Stlth   +            y - +6 ring of dexterity
HPRegen 2.11/turn    (no ring)
MPRegen 0.12/turn

%: no passive effects
@: lethally poisoned (-5 -> -5), strong-willed, on berserk cooldown,
regenerating, slowed, very slow
A: antennae 1, large bone plates 2, ignite blood 2, spiny 1
a: Renounce Religion, Berserk, Trog's Hand


You were on level 9 of the Dungeon.
You worshipped Trog.
Trog was most pleased with you.
You visited 1 branch of the dungeon, and saw 9 of its levels.

You collected 482 gold pieces.

Inventory:

Hand Weapons
 z - a +0 war axe (weapon)
 C - the +10 morningstar of Infinity {vamp, rC+ Dex+3}
   (You took it off a wight on level 8 of the Dungeon)

   Dex:       It affects your dexterity (+3).
   rC:        It protects you from cold.
Missiles
 x - 2 throwing nets (quivered)
Armour
 e - a +0 pair of gloves (worn)
 D - a +2 leather armour of cold resistance (worn)
Magical Staves
 h - a staff of death
Jewellery
 p - an amulet of regeneration (around neck)
 s - an amulet of magic regeneration
 t - an amulet of reflection
 y - a +6 ring of dexterity (left hand)
Wands
 n - a wand of flame (32)
 v - a wand of roots (30)
Scrolls
 b - 2 scrolls of enchant weapon
 d - 6 scrolls of teleportation
 i - 3 scrolls of poison
Potions
 a - a potion of cancellation
 c - a potion of experience {unknown}
 f - a potion of brilliance
 g - 3 potions of heal wounds
 j - a potion of berserk rage
 k - a potion of resistance
 l - a potion of degeneration {unknown}
 m - 2 potions of might {unknown}
 o - a potion of magic {unknown}
 q - a potion of ambrosia {unknown}
 r - 2 potions of curing {unknown}
 u - 3 potions of attraction {unknown}
 w - a potion of invisibility
 A - a potion of lignification {unknown}
 B - a potion of mutation {unknown}


   Skills:
 - Level 3.0 Fighting
 + Level 13.8 Axes
 - Level 1.7 Armour
 - Level 1.7 Dodging


You had 9 spell levels left.
You didn't know any spells.
Your spell library contained the following spells:

 Spells                   Type           Power      Damage    Failure   Level
 Blink                    Tloc           0%         N/A       56%         2
 Lesser Beckoning         Tloc           0%         N/A       56%         2
 Momentum Strike          Conj/Tloc      0%         3d8       56%         2
 Call Canine Familiar     Summ           0%         N/A       80%         3
 Portal Projectile        Hex/Tloc       0%         N/A       80%         3
 Anguish                  Hex/Necr       0%         N/A       99%         4
 Animate Dead             Necr           0%         N/A       99%         4
 Leda's Liquefaction      Hex/Erth       0%         N/A       99%         4
 Alistair's Intoxication  Tmut/Pois      0%         N/A       100%        5


Dungeon Overview and Level Annotations

Branches:
Dungeon (9/15)             Temple (0/1) D:6            Lair (0/5) D:9
    Orc: D:9-12

Altars:
Makhleb
Okawaru
Yredelemnul

Shops:
D:2 *   D:4 *


Innate Abilities, Weirdness & Mutations

You have a pair of small antennae on your head.
You are mostly covered in large bone plates. (SH +6)
Your demonic aura often causes spilled blood to erupt in flames.
You are partially covered in sharp spines.


Message History

The basilisk misses you. The yak is struck by your spines.
The yak closely misses you. You block the water moccasin's attack.
The yak is struck by your spines. The yak gores you!
The basilisk is engulfed in blazing flames.
The basilisk gazes at you. You resist with almost no effort.
You hit the basilisk but do no damage.
The basilisk is almost dead.
You completely miss the water moccasin. You barely miss the yak.
You feel sick. The water moccasin bites you.
The basilisk is engulfed in blazing flames.
You kill the basilisk!
Trog accepts your kill. The yak is struck by your spines. The yak gores you!
You are too injured to fight recklessly!
Unknown command.
You are too injured to fight recklessly!
Unknown command.
You are too injured to fight recklessly!
Unknown command.
You hit the yak.
The yak is heavily wounded.
You slash the water moccasin!
You kill the water moccasin!
Trog accepts your kill.
You feel sick. You block the yak's attack.
Unknown command.
You barely miss the troll. You hit the yak. You slash the yak!
You feel sick.
The yak is engulfed in blazing flames.
The yak is struck by your spines. The yak barely misses you.
You block the troll's attack. The troll claws you!
* * * LOW HITPOINT WARNING * * *
You block the troll's attack. The yak barely misses you.
Unknown command.
You hit the yak but do no damage.
The yak is heavily wounded.
You completely miss the troll. You hit the yak.
You feel sick.
The yak is engulfed in blazing flames.
The yak gores you!
* * * LOW HITPOINT WARNING * * *
The troll bites you!
You die...

########################
........................
.#....°...#...#..#..#...
......Y.☼...............
#####.Y@####............
#.#T# #.##.....#...
######..S# ##............
..#P.Y.P..## #.....#####...
#....S....+ #.....'...#.#.
...P......P# #.....#..##...
PP..♣...♣P..###############
P...P♣.....P... #
......P....P..# ##


You could see 2 yaks, a troll and a water moccasin.

Vanquished Creatures
  Grinder (D:4)
  2 yaks (D:9)
  Sigmund (D:2)
  3 wyverns
  3 basilisks
  A human (D:3)
  6 water moccasins
  An orc warrior (D:9)
  A black bear (D:7)
  2 sky beasts
  An ogre (D:5)
  3 centaurs
  A phantom (D:4)
  A gnoll sergeant (D:8)
  3 scorpions
  10 wights (D:8)
  2 jellies
  4 hounds
  A gnoll bouda (D:7)
  4 orc priests
  An iguana (D:7)
  2 sleepcaps
  An orc wizard (D:9)
  Ijyb (D:4)
  8 adders
  13 gnolls
  2 white imps
  4 dart slugs
  20 orcs
  4 ball pythons
  A bat (D:1)
  3 endoplasms
  6 giant cockroaches
  6 goblins
  7 hobgoblins
  4 quokkas
  7 frilled lizards
  11 kobolds
  2 kobold zombies (D:3)
  2 rats
156 creatures vanquished.

Vanquished Creatures (others)
  A goblin (D:3)
1 creature vanquished.

Grand Total: 157 creatures vanquished

Notes
Turn   | Place    | Note
-------+----------+-------------------------------------------
     0 | D:1      | edwardauron the Demonspawn Berserker began the quest for
                  | the Orb.
     0 | D:1      | Reached XP level 1. HP: 18/18 MP: 1/1
   196 | D:1      | Reached skill level 3 in Axes
   261 | D:1      | Gained mutation: You are partially covered in large bone
                  | plates. (SH +4) [demonic ancestry]
   261 | D:1      | Reached XP level 2. HP: 24/24 MP: 2/2
   886 | D:2      | Gained mutation: Your demonic aura sometimes causes spilled
                  | blood to erupt in flames. [demonic ancestry]
   886 | D:2      | Reached XP level 3. HP: 29/29 MP: 3/3
   893 | D:2      | Reached skill level 4 in Axes
  1091 | D:2      | Reached ** piety under Trog
  1249 | D:2      | Reached XP level 4. HP: 27/35 MP: 4/4
  1358 | D:2      | Found an iron altar of Okawaru.
  1385 | D:2      | Noticed Sigmund
  1407 | D:2      | Killed Sigmund
  1408 | D:2      | Reached skill level 5 in Axes
  1408 | D:2      | Gained mutation: You are mostly covered in large bone
                  | plates. (SH +6) [demonic ancestry]
  1408 | D:2      | Reached XP level 5. HP: 19/41 MP: 5/5
  1669 | D:2      | Found Quxud's General Store.
  1881 | D:3      | Found a runed translucent door.
  1881 | D:3      | Noticed a human
  1890 | D:3      | Found a basalt altar of Yredelemnul.
  1897 | D:3      | Noticed a centaur
  1907 | D:3      | Killed a centaur
  1908 | D:3      | Reached skill level 6 in Axes
  1908 | D:3      | Gained mutation: Your demonic aura often causes spilled
                  | blood to erupt in flames. [demonic ancestry]
  1908 | D:3      | Reached XP level 6. HP: 20/47 MP: 6/6
  2053 | D:3      | Killed a human
  2054 | D:3      | Reached skill level 7 in Axes
  2513 | D:4      | Gained mutation: You are partially covered in sharp spines.
                  | [demonic ancestry]
  2513 | D:4      | Reached XP level 7. HP: 52/52 MP: 7/7
  2646 | D:4      | Noticed Grinder
  2659 | D:4      | Paralysed by Grinder for 5 turns
  2674 | D:4      | Killed Grinder
  2675 | D:4      | Reached skill level 8 in Axes
  2770 | D:4      | Noticed Ijyb
  2782 | D:4      | Killed Ijyb
  2978 | D:4      | Found Rimpyovi's Serpentskin Sales.
  2985 | D:4      | Reached skill level 9 in Axes
  2985 | D:4      | Reached XP level 8. HP: 10/58 MP: 8/8
  2990 | D:4      | HP: 4/87 [poisoned by a water moccasin]
  3456 | D:5      | Entered Level 5 of the Dungeon
  3621 | D:5      | Reached skill level 10 in Axes
  4090 | D:6      | Reached *** piety under Trog
  4227 | D:6      | Found a burning altar of Makhleb.
  4273 | D:6      | Found a staircase to the Ecumenical Temple.
  4516 | D:7      | Reached skill level 11 in Axes
  4733 | D:7      | Gained mutation: You have a pair of small antennae on your
                  | head. [demonic ancestry]
  4733 | D:7      | Reached XP level 9. HP: 63/63 MP: 9/9
  5056 | D:8      | Got the Catalogue of the Foremost Wonders
  5298 | D:8      | Reached skill level 12 in Axes
  5744 | D:8      | Identified the +10 morningstar of Infinity {vamp, rC+
                  | Dex+3}
  6003 | D:9      | Found a staircase to the Lair.
  6004 | D:9      | Noticed a troll
  6016 | D:9      | Reached skill level 13 in Axes
  6022 | D:9      | Reached XP level 10. HP: 70/70 MP: 10/10
  6033 | D:9      | Slain by a troll

Illustrated notes

Levels and vault maps discovered:
D:1:      sevenhm_arrival_forest_fort_small_6, layout_basic
D:2:      layout_loops_cross, basic_altar, serial_shops,
          nicolae_shop_back_alley_shop, uniq_sigmund
D:3:      layout_loops_cross, dk_yredelemnul_ordeal, minmay_misc_feat_chi,
          nicolae_elevator_lobby_plus
D:4:      layout_gridville, guppyfry_shop_venom, uniq_ijyb, uniq_grinder
D:5:      layout_basic
D:6:      cheibrodos_quashed, layout_cave_pools, mainiacjoe_overflow_alcove_2,
          lemuel_temple_firewalk_b
D:7:      layout_loops_ring
D:8:      layout_basic, small_chamber_with_monster
D:9:      layout_stronghold, minmay_lair_entry_grove, serial_shops,
          nicolae_shop_back_alley_shop

Skill      XL: |  1  2  3  4  5  6  7  8  9 |
---------------+----------------------------+-----
Axes           | 3 4 5 6 7 9 11 13 | 13.8
Fighting       | |  3.0
Armour         | |  1.7
Dodging        | |  1.7

Action                     |  1- 3 |  4- 6 |  7- 9 | 10-12 || total
---------------------------+-------+-------+-------+-------++-------
  Melee: Hand axe          |   114 |    77 |   156 |       ||   347
         Punch             |       |       |     8 |       ||     8
         War axe           |       |       |   127 |    10 ||   137
 Invoke: Berserk           |       |     1 |     6 |       ||     7
         Trog's Hand       |       |       |     2 |     1 ||     3
    Use: Scroll            |       |     6 |     6 |       ||    12
         Potion            |       |       |     1 |       ||     1
 Armour: Ring mail         |    30 |    16 |    44 |       ||    90
         Animal skin       |     4 |       |       |       ||     4
         Leather armour    |       |       |     9 |     5 ||    14
  Dodge: Dodged            |    57 |    34 |   119 |     6 ||   216
  Block: Other             |    18 |    21 |    82 |     5 ||   126
